Map: Prion Terraces

Players

Marshmallow

  • Race: Terran Terran
  • League: Diamond

MorN - Winner!

  • Race: Terran Terran
  • League: Master

VOD

Have the link to the VOD?

Description

Time

  • Played on: Nov. 29, 2015, 7:41 p.m.
  • Length: 11:54
Show
View Real Time Build Order
Export as new Build Order

Marshmallow Terran 

Build Orders: MMM Bio 

Get SALT Encoding   

  12  0:01  SCV  
  13  0:13  SCV  
  14  0:20  Supply Depot  
  14  0:25  SCV  
  15  0:41  SCV  
  15  0:42  Barracks  
  16  0:45  Refinery  
  16  0:53  SCV  
  17  1:05  SCV  
  18  1:18  SCV  
  19  1:29  Barracks Reactor  
  19  1:31  Orbital Command  
  19  1:49  Command Center  
  19  1:58  Supply Depot  
  19  1:59  SCV  
  20  2:05  Marine x2  
  21  2:12  SCV  
  22  2:16  Barracks  
  22  2:23  Marine  
  22  2:24  SCV, Marine  
  25  2:36  SCV  
  26  2:41  Marine x2  
  28  2:45  Factory  
  28  2:48  SCV  
  29  2:54  Refinery  
  29  2:59  Marine x2  
  29  3:01  SCV  
  29  3:03  Orbital Command  
  32  3:06  Barracks Tech Lab  
  32  3:13  SCV  
  32  3:19  Marine x2  
  35  3:26  SCV  
  36  3:27  Stimpack, Marine  
  36  3:32  Supply Depot, SCV  
  38  3:35  Factory Tech Lab  
  38  3:40  SCV  
  39  3:42  Marine x2  
  39  3:45  SCV, Marine  
  43  3:55  Supply Depot  
  43  3:56  Cyclone  
  43  3:58  SCV, Orbital Command  
  43  4:02  Marine  
  48  4:04  Marine  
  49  4:10  SCV  
  49  4:16  Engineering Bay  
  50  4:22  SCV  
  51  4:26  SCV, Marine x2  
  53  4:34  SCV  
  53  4:38  SCV  
  52  4:46  SCV  
  52  4:47  Missile Turret  
  52  4:48  Missile Turret  
  52  4:50  SCV  
  52  4:52  Missile Turret  
  54  4:54  Terran Infantry Weapons Level 1  
  54  4:55  Marine  
  54  4:59  SCV  
  56  5:08  Factory Reactor  
  56  5:10  SCV, Starport  
  56  5:12  SCV  
  58  5:22  SCV  
  58  5:24  SCV  
  60  5:28  Supply Depot  
  60  5:34  SCV  
  61  5:36  SCV  
  62  5:43  Supply Depot  
  62  5:50  Marine x3  
  62  5:53  Command Center  
  62  5:56  SCV  
  66  5:57  SCV  
  66  6:01  Medivac  
  69  6:07  Viking  
  69  6:10  SCV, Supply Depot  
  72  6:12  SCV  
  72  6:16  Armory  
  72  6:17  Engineering Bay  
  73  6:20  Supply Depot  
  73  6:22  SCV  
  74  6:28  Combat Shields  
  74  6:30  Barracks  
  74  6:35  SCV, Barracks  
  74  6:36  SCV  
  76  6:43  Barracks  
  76  6:47  SCV, Refinery  
  76  6:48  SCV, Refinery  
  76  6:50  Terran Infantry Armor Level 1  
  78  7:00  Barracks  
  77  7:01  SCV  
  77  7:07  Factory Reactor  
  78  7:11  Barracks, Orbital Command  
  78  7:12  Starport Reactor  
  78  7:14  Marine x3  
  78  7:17  SCV  
  78  7:20  SCV  
  80  7:25  Terran Infantry Weapons Level 2  
  80  7:28  Marine, Terran Vehicle Weapons Level 1  
  80  7:29  SCV  
  83  7:31  Barracks Reactor  
  83  7:33  Barracks Reactor  
  82  7:37  Missile Turret  
  82  7:43  Marine x3  
  85  7:49  Orbital Command  
  85  7:58  Medivac x2  
  89  7:59  Factory  
  89  8:00  Marine x2  
  89  8:01  SCV x2  
  93  8:10  Factory Tech Lab  
  93  8:11  Supply Depot  
  93  8:12  Supply Depot  
  93  8:13  SCV  
  93  8:14  SCV  
  93  8:15  Marine  
  93  8:16  Marine x8  
  104  8:22  Supply Depot  
  104  8:24  Supply Depot  
  104  8:26  Supply Depot  
  104  8:31  Supply Depot  
  104  8:44  Factory Tech Lab  
  103  8:53  SCV x3  
  103  8:54  Marine x4  
  103  8:55  Marine x6  
  113  8:56  Marine x2  
  113  8:57  Siege Tank  
  113  9:01  Supply Depot  
  121  9:09  Terran Infantry Armor Level 2  
  121  9:11  Siege Tank  
  121  9:14  Marauder  
  126  9:20  Marine  
  126  9:21  Marine x8  
  135  9:30  Marine  
  135  9:31  Marine  
  134  9:35  Marine  
  134  9:38  Siege Tank, Marine  
  135  9:39  Marine x3  
  135  9:45  Marine x2  
  140  9:46  Marine x2  
  140  9:49  Siege Tank  
  126  10:12  Marine x3  
  123  10:20  Marine x3  
  123  10:21  Marine x2  
  127  10:29  Marine x5  
  127  10:30  Marine x2, Medivac x2  
  127  10:34  Command Center  
  138  10:38  Marine  
  133  10:46  Marine  
  133  10:47  Marine x3  
  120  10:50  Marine x6  
  120  10:51  Marine  
  120  10:56  Marine  
  121  11:04  Marine x2  
  121  11:05  Marine x2  
  121  11:07  Marine  
  121  11:08  Marine x2  
  131  11:11  Marine  
  131  11:12  Marine  
  131  11:13  Marine  
  131  11:16  Marine  
  132  11:22  Marine x2  
  132  11:25  Marine x2  
  134  11:26  Marine  
  134  11:29  Marine x2  
  134  11:31  Marine  
  140  11:34  Marine  
Show
View Real Time Build Order
Export as new Build Order

MorN Terran - Winner!

Build Orders: 1/1/1, MMM Bio, Banshee Rush 

Get SALT Encoding   

  12  0:00  SCV  
  13  0:13  SCV  
  14  0:17  Supply Depot  
  14  0:25  SCV  
  15  0:28  Refinery  
  15  0:38  SCV  
  16  0:45  Barracks  
  16  0:51  SCV  
  17  1:03  SCV  
  18  1:15  SCV  
  18  1:18  Refinery  
  19  1:34  Factory, Marine  
  19  1:36  Orbital Command  
  20  1:52  Marine  
  20  1:53  Supply Depot  
  21  2:05  SCV  
  22  2:12  Marine  
  23  2:18  Starport  
  23  2:20  Factory Tech Lab  
  23  2:23  SCV  
  24  2:30  Marine  
  24  2:36  SCV  
  26  2:46  Factory Reactor  
  26  2:49  SCV  
  26  2:50  Marine  
  28  2:56  Command Center  
  28  3:04  Banshee  
  31  3:08  Cloaking Field  
  31  3:30  Supply Depot  
  31  3:39  Factory Tech Lab  
  31  3:40  Supply Depot  
  31  3:51  Marine x2  
  31  3:52  SCV  
  34  4:03  Raven  
  34  4:04  SCV  
  34  4:08  Orbital Command  
  37  4:12  Marine x2  
  37  4:16  SCV  
  40  4:28  SCV  
  41  4:37  Siege Tank  
  46  4:40  SCV  
  46  4:43  SCV  
  46  4:45  Command Center  
  43  4:56  SCV x2, Engineering Bay, Barracks  
  43  4:57  Starport Reactor  
  43  4:59  Barracks  
  45  5:01  Stimpack  
  45  5:08  SCV x2  
  47  5:20  SCV x2, Refinery x2  
  49  5:26  Terran Infantry Weapons Level 1  
  49  5:28  Marine  
  49  5:32  SCV  
  49  5:33  SCV  
  52  5:43  Supply Depot, Starport Reactor  
  52  5:44  SCV  
  52  5:45  SCV  
  52  5:48  Barracks x2  
  52  5:49  Marine x2  
  56  5:50  Marine  
  56  5:55  Marine  
  58  5:57  SCV  
  58  6:02  Orbital Command  
  58  6:04  SCV  
  60  6:07  Marine  
  60  6:09  Siege Tank  
  64  6:11  SCV  
  64  6:14  Marine x2  
  64  6:16  Marine  
  68  6:20  SCV  
  69  6:27  Marine x2  
  69  6:29  SCV  
  69  6:32  Medivac x2, Marine  
  77  6:37  SCV  
  77  6:39  Supply Depot  
  78  6:42  Supply Depot  
  77  6:48  Marine x3  
  77  6:50  Marine  
  77  6:51  Barracks Reactor  
  77  6:52  Barracks Reactor  
  81  7:02  Combat Shields, Orbital Command  
  81  7:03  Marine  
  81  7:06  Marine x2  
  84  7:15  Marine x2  
  85  7:16  Medivac x2  
  85  7:21  Marine  
  90  7:25  Marine x2  
  90  7:27  Terran Infantry Armor Level 1  
  90  7:29  Supply Depot  
  92  7:31  Marine x4  
  92  7:33  SCV x2, Armory, Engineering Bay, Marine  
  99  7:45  Marine x2  
  99  7:50  Marine x2  
  99  7:51  SCV  
  104  7:52  Supply Depot  
  104  7:55  Sensor Tower, Marine x2  
  104  7:56  Marine  
  104  7:57  Marine x2  
  104  7:58  Supply Depot  
  107  8:17  Marine x5  
  107  8:18  Marine x4  
  116  8:34  Medivac x2  
  116  8:35  Marine x5  
  116  8:39  Barracks  
  116  8:40  Barracks x2  
  115  8:52  Marine x3  
  118  8:58  Marine x6  
  118  9:01  Terran Infantry Weapons Level 2  
  125  9:02  SCV  
  125  9:05  Supply Depot  
  125  9:07  Supply Depot  
  125  9:08  Supply Depot  
  125  9:27  SCV x3, Medivac x2  
  125  9:30  Marine  
  125  9:31  Siege Tank  
  136  9:37  Marine x6  
  142  9:39  SCV x3  
  145  9:49  Marine x2  
  145  9:50  Marine x2  
  149  9:57  Supply Depot  
  149  10:00  SCV x2, Marine x4  
  149  10:01  Marauder  
  149  10:04  Marine x2  
  149  10:05  SCV, Marine  
  149  10:06  Medivac x2  
  157  10:07  Marine x2  
  157  10:08  Marine x2  
  153  10:18  Marine x4  
  157  10:22  Marauder, Marine  
  157  10:23  Marine  
  157  10:25  Marine x2  
  165  10:32  Barracks Reactor x2  
  165  10:33  Barracks Reactor  
  163  10:36  Supply Depot, Medivac  
  163  10:37  Supply Depot  
  163  10:38  Supply Depot  
  163  10:42  Supply Depot  
  165  10:43  Medivac  
  165  10:44  Marauder  
  165  10:45  Marine x4  
  150  10:53  Marine  
  140  11:16  Marine x6  
  140  11:17  Marine x8  
  140  11:18  Marine  
  145  11:19  Siege Tank, Medivac x2  
  151  11:34  Marine x5  
Tags
 
Composition
MMM BioMMM Bio
Matchup
TvT
Opening
1/1/1
Race
Terran
Replay Pack
MorN pack 2
Strategy
Banshee Rush
Add a new tag
Caveats
  • Supply blocks, unpowered buildings, or Contaminate may cause inaccurate times.
  • Supply counts are checked every 10 seconds.